Map: Blackburn LE

Players

ViBE - Winner!

  • Race: Protoss Protoss
  • League: Diamond

StarPlatinum

  • Race: Protoss Protoss
  • League: Diamond

VOD

Have the link to the VOD?

Description

Time

  • Played on: April 16, 2021, 10:26 p.m.
  • Length: 5:51
Show
View Real Time Build Order
Export as new Build Order

ViBE Protoss - Winner!

Build Orders:  

Get SALT Encoding   

  12  0:00  Probe  
  13  0:12  Probe  
  14  0:19  Pylon  
  14  0:25  Probe  
  15  0:37  Probe  
  15  0:41  Gateway  
  16  0:47  Assimilator  
  16  0:49  Probe (Chrono Boost)  
  17  1:01  Probe (Chrono Boost)  
  18  1:06  Probe (Chrono Boost)  
  19  1:16  Probe  
  20  1:19  Gateway  
  20  1:21  Assimilator  
  20  1:28  Probe  
  20  1:30  Cybernetics Core  
  21  1:38  Pylon  
  21  1:43  Probe (Chrono Boost)  
  22  1:52  Probe (Chrono Boost)  
  23  1:57  Probe  
  24  2:06  Pylon  
  24  2:07  Stalker x2  
  28  2:08  Warp Gate  
  28  2:35  Nexus  
  28  2:42  Stalker  
  30  2:49  Pylon  
  30  3:01  Shield Battery  
  30  3:08  Sentry  
  30  3:09  Probe  
  33  3:21  Probe (Chrono Boost)  
  34  3:31  Pylon  
  34  3:33  Stalker, Probe (Chrono Boost)  
  34  3:34  Stalker  
  39  3:38  Shield Battery  
  39  3:41  Probe (Chrono Boost)  
  40  3:48  Robotics Facility, Probe  
  40  3:51  Probe  
  42  4:00  Probe  
  43  4:03  Probe  
  42  4:12  Probe  
  42  4:13  Stalker  
  42  4:16  Probe  
  44  4:17  Sentry  
  47  4:24  Probe (Chrono Boost)  
  47  4:28  Probe (Chrono Boost)  
  48  4:35  Observer  
  48  4:36  Probe (Chrono Boost)  
  51  4:38  Stalker  
  51  4:40  Probe (Chrono Boost)  
  51  4:41  Stalker  
  51  4:43  Probe (Chrono Boost)  
  51  4:45  Probe (Chrono Boost)  
  56  4:50  Probe  
  58  4:54  Assimilator, Probe  
  58  4:55  Assimilator  
  59  5:02  Probe  
  59  5:05  Stalker x2  
  64  5:28  Stalker  
  64  5:29  Stalker  
Show
View Real Time Build Order
Export as new Build Order

StarPlatinum Protoss 

Build Orders:  

Get SALT Encoding   

  12  0:00  Probe  
  13  0:12  Probe  
  14  0:17  Pylon  
  14  0:24  Probe  
  15  0:37  Probe  
  15  0:41  Gateway  
  16  0:45  Assimilator  
  16  0:49  Probe  
  17  1:01  Probe  
  18  1:10  Gateway  
  18  1:13  Probe  
  19  1:25  Probe  
  20  1:27  Assimilator  
  20  1:33  Cybernetics Core  
  20  1:40  Probe  
  20  1:44  Pylon  
  21  1:52  Probe  
  22  1:57  Pylon  
  22  2:07  Adept x2 (Chrono Boost)  
  26  2:16  Gateway  
  26  2:25  Warp Gate  
  26  2:29  Adept  
  26  2:30  Adept  
  30  2:42  Twilight Council  
  30  2:59  Adept  
  30  3:00  Adept  
  34  3:11  Adept  
  34  3:24  Resonating Glaives  
  34  3:30  Stargate  
  34  3:36  Adept x2  
  38  3:49  Pylon  
  38  4:17  Stalker x3  
  38  4:32  Oracle  
  38  4:33  Gateway  
  39  4:48  Stalker  
  39  4:53  Stalker  
  41  5:00  Stalker  
  35  5:23  Stalker  
  35  5:24  Stalker  
  32  5:46  Stalker x2  
Tags
 
Add a new tag
Caveats
  • Supply blocks, unpowered buildings, or Contaminate may cause inaccurate times.
  • Supply counts are checked every 10 seconds.